 Dungeon Crawl Stone Soup version 0.25-a0-290-g4a1327ee3a (webtiles) character file.

Game seed: 11962633724211757828, levelgen mode: deterministic

39 floatRand the Skirmisher (level 3, -4/39 HPs)
             Began as an Ogre Gladiator on Dec 14, 2019.
             Was an Initiate of Cheibriados.
             Slain by Sigmund
             ... wielding a +0 scythe
              (5 damage)
             ... on level 2 of the Dungeon.
             The game lasted 00:01:38 (1625 turns).

floatRand the Skirmisher (Ogre Gladiator)           Turns: 1625, Time: 00:01:39

Health: -4/39      AC:  3    Str: 24    XL:     3   Next: 45%
Magic:  3/3        EV: 11    Int: 10    God:    Cheibriados [......]
Gold:   92         SH:  0    Dex: 12    Spells: 2/2 levels left

rFire    . . .     SeeInvis .   a - +0 flail
rCold    . . .     Gourm    .   (no shield)
rNeg     . . .     Faith    .   b - +0 robe
rPois    .         Spirit   .   c - +0 hat
rElec    .         Reflect  .   (no cloak)
rCorr    .         Harm     .   (gloves unavailable)
MR       .....                  (boots unavailable)
Stlth    +.........             (no amulet)
HPRegen  0.13/turn              (no ring)
MPRegen  0.08/turn              (no ring)

@: mighty, hasted, very quick
A: large, unfitting armour, tough skin 1
a: Bend Time, Renounce Religion


You were on level 2 of the Dungeon.
You worshipped Cheibriados.
Cheibriados was noncommittal.
You were hungry.

You visited 1 branch of the dungeon, and saw 2 of its levels.

You collected 92 gold pieces.

Inventory:

Hand Weapons
 a - a +0 flail (weapon)
 l - a cursed -3 short sword
Missiles
 d - 3 throwing nets (quivered)
 n - 7 boomerangs
Armour
 b - a +0 robe (worn)
 c - a +0 hat (worn)
Scrolls
 e - a scroll of random uselessness {unknown}
 g - 2 scrolls of identify {unknown}
Potions
 h - a potion of cancellation
 j - 2 potions of haste
 m - 2 potions of curing {unknown}
Comestibles
 f - 2 rations
 o - 4 chunks of flesh


   Skills:
 + Level 3.6 Fighting
 + Level 3.2 Maces & Flails
 - Level 2.0 Throwing
 + Level 3.1 Dodging


You had 2 spell levels left.
You didn't know any spells.
Your spell library was empty.

Dungeon Overview and Level Annotations

Branches:
Dungeon (2/15)

Altars:
Cheibriados
Uskayaw

Annotations:
D:2 Sigmund


Innate Abilities, Weirdness & Mutations

You are too large for most types of armour.
You have tough skin. (AC +1)


Message History

Sigmund casts a spell at you. You resist with some effort.
You feel less wooden.
Your +0 hat unmelds from your body.
Your +0 robe unmelds from your body.
Sigmund gestures wildly while chanting.
Sigmund flickers and vanishes!
Deactivating autopickup; reactivate with Ctrl-A.
You completely miss something. Something hits you.
You completely miss something.
A bat comes into view.
You completely miss something. Something hits you!
You miss something.
Unknown command.
You miss something. Something hits you!
* * * LOW HITPOINT WARNING * * *
You sock something! You closely miss something.
Something hits you but does no damage.
You barely miss something. You miss something. Something hits you.
You die...

'...'.......# #....r.#
#...#.......# #......#
#...##.....## #......#
#...###...## #......#
#...# ##### #..#......#
#..÷###...###..#b.....#
#...##.....##..#r#
#...#.......#..#{#
'...'.......#..#@#
#...#.......#..#.#
#...##.....##..#.# #
.....##)..##.....#'#
......#####............
#####....)..........###
#####.#.............<..
##....#...#÷........###
##.####...#.#########


You could see a quokka and a bat.

Vanquished Creatures
  2 worms (D:2)
  4 leopard geckos
  3 goblins
  4 hobgoblins (D:2)
  2 jackals (D:1)
  3 bats
  3 frilled lizards (D:2)
  5 kobolds (D:2)
  2 rats (D:2)
28 creatures vanquished.

Notes
Turn   | Place    | Note
-------+----------+-------------------------------------------
     0 | D:1      | floatRand the Ogre Gladiator began the quest for the Orb.
     0 | D:1      | Reached XP level 1. HP: 22/22 MP: 1/1
   392 | D:1      | Reached XP level 2. HP: 13/31 MP: 2/2
   596 | D:1      | You fall into a shaft and drop 1 floor!
   596 | D:2      | Found a snail-covered altar of Cheibriados.
   729 | D:2      | Became a worshipper of Cheibriados the Contemplative
   827 | D:2      | Found a hide-covered altar of Uskayaw.
   875 | D:2      | Reached XP level 3. HP: 9/37 MP: 3/3
  1572 | D:2      | Noticed Sigmund
  1621 | D:2      | HP: 1/39 [something (14)]
  1625 | D:2      | Slain by Sigmund

Levels and vault maps discovered:
D:1:      matt_arrival_grand_opening, layout_basic
D:2:      kennysheep_six_static_rooms, layout_basic,
          nicolae_overflow_crystal_walls, overflow_temple_1_default,
          first_ration, uniq_sigmund

Skill      XL: |  1  2 |
---------------+-------+-----
Fighting       | 3 |  3.6
Maces & Flails | 3 |  3.2
Dodging        | 3 |  3.1
Throwing       | |  2.0

Action                   || total
-------------------------++-------
Melee: Flail             ||   106
  Use: Potion            ||     4
 Stab: Sleeping          ||     1
  Eat: Chunk             ||     2
Armor: Robe              ||    29
       Skin              ||     8
Dodge: Dodged            ||    44

Table legend:
 A = Non-vault XP
 B = Vault XP
 C = Vault XP percentage of total XP
 D = Non-vault monster count
 E = Vault monster count
 F = Vault count percentage of total count
                 A         B        C        D         E       F
            +---------+---------+-------+---------+---------+-------
      Total |      39 |      17 |  30.4 |      22 |       6 |  21.4
            +---------+---------+-------+---------+---------+-------
        D:1 |      10 |       0 |   0.0 |       5 |       0 |   0.0
        D:2 |      29 |      17 |  37.0 |      17 |       6 |  26.1
            +---------+---------+-------+---------+---------+-------
